 Dungeon Crawl Stone Soup version 0.31.0-11-ge490571c62 (webtiles) character file.

Game seed: 11199084332306312740

1652 qw the Skirmisher (level 8, -2/42 HPs)
             Began as a Spriggan Hunter on Feb 3, 2024.
             Was a Follower of Okawaru.
             Incinerated by a bombardier beetle (5 damage)
             ... with a burning spray
             ... on level 5 of the Dungeon.
             The game lasted 00:00:15 (3442 turns).

qw the Skirmisher (Spriggan Hunter)                 Turns: 3442, Time: 00:00:16

Health: -2/42      AC:  6    Str:  7    XL:     8   Next: 68%
Magic:  12/12      EV: 22    Int: 14    God:    Okawaru [*.....]
Gold:   205        SH:  0    Dex: 20    Spells: 7/7 levels left

rFire   . . .        n - +0 orcbow
rCold   . . .        (shield currently unavailable)
rNeg    . . .        c - +0 robe
rPois   .            g - +2 hat
rElec   .            l - +1 cloak of Virtue {Will- Int+3 Slay+5}
rCorr   .            (gloves unavailable)
SInv    +            (boots unavailable)
Will    .....        (no amulet)
Stlth   +            (no ring)
HPRegen 0.27/turn    (no ring)
MPRegen 0.13/turn

%: no passive effects
@: on fire, glowing, very quick
A: very small, no large weapons, unfitting armour, see invisible, speed 3
a: Renounce Religion, Heroism


You were on level 5 of the Dungeon.
You worshipped Okawaru.
Okawaru was aware of your devotion.
You visited 1 branch of the dungeon, and saw 5 of its levels.

You collected 205 gold pieces.


Innate Abilities, Weirdness & Mutations

You are very small and have problems with some larger weapons.
You are too small for most types of armour.
You have supernaturally acute eyesight. (SInv)
You cover ground extremely quickly. (Speed+++)


   Skills:
 - Level 4.0 Fighting
 - Level 8.4 Ranged Weapons
 + Level 7.4 Dodging
 - Level 1.5 Stealth
 - Level 4.1 Invocations


You had 7 spell levels left.
You didn't know any spells.
Your spell library was empty.

Inventory:

Hand Weapons
 n - a +0 orcbow (weapon)
Armour
 c - a +0 robe (worn)
 g - a +2 hat (worn)
 l - the +1 cloak of Virtue (worn) {Will- Int+3 Slay+5}
   (You found it on level 3 of the Dungeon)

   Int+3:     It affects your intelligence (+3).
   Slay+5:    It affects your accuracy & damage with ranged weapons and melee
   (+5).
   Will-:     It decreases your willpower.
Wands
 i - a wand of charming (6)
 j - a wand of polymorph (7)
 o - a wand of flame (13)
Scrolls
 a - a scroll of enchant armour
 h - a scroll of teleportation
 m - 2 scrolls of identify
Potions
 b - a potion of enlightenment
 d - a potion of heal wounds
 e - a potion of might
 f - a potion of mutation
 k - a potion of resistance

Dungeon Overview and Level Annotations

Branches:
Dungeon (5/15)
 Temple: D:4-7

Altars:
Nemelex Xobeh
Okawaru
Wu Jian

Shops:
D:1 *


Message History

You see here a scorpion corpse.
A bombardier beetle comes into view.
You shoot an arrow.
The arrow barely misses the bombardier beetle.
You shoot an arrow.
The arrow barely misses the bombardier beetle.
You shoot an arrow.
The arrow hits the bombardier beetle but does no damage.
The bombardier beetle sprays incendiary fluid at you.
The burning spray hits you.
You are covered in liquid fire!
You shoot an arrow. The arrow hits the bombardier beetle.
The bombardier beetle is moderately wounded.
The liquid fire burns you!
You shoot an arrow.
The arrow barely misses the bombardier beetle.
The liquid fire burns you!
You shoot an arrow.
The arrow barely misses the bombardier beetle.
The liquid fire burns you!
You shoot an arrow. The arrow hits the bombardier beetle.
The bombardier beetle is heavily wounded.
The liquid fire burns you!
You shoot an arrow.
The arrow closely misses the bombardier beetle.
The liquid fire burns you!
You shoot an arrow. The arrow hits the bombardier beetle.
The bombardier beetle is almost dead.
The liquid fire burns you!
You shoot an arrow. The arrow hits the bombardier beetle!
You kill the bombardier beetle!
Okawaru accepts your kill. The liquid fire burns you!
You are on fire!
The liquid fire burns you!
You are on fire!
The liquid fire burns you!
You are on fire!
The liquid fire burns you!
You die...

. .. ####.
#..
######.....
#..#........
#.....%.#
#....@###
#..#.....##
. ###....###
#.
###....###
.. ###....##
#.#
###...###
..#
###...###.#
###.....##
###....#


There were no monsters in sight!

Vanquished Creatures
  Pikel (D:5)
  Prince Ribbit (D:5)
  Sigmund (D:2)
  2 centaurs (D:4)
  3 lemures (D:5)
  4 scorpions (D:5)
  A howler monkey (D:5)
  3 bombardier beetles
  2 hounds (D:4)
  A jelly (D:5)
  An iguana (D:5)
  Natasha (twice) (D:4)
  An orc wizard (D:5)
  4 adders
  3 dart slugs
  4 orcs
  2 bats
  5 endoplasms
  5 giant cockroaches
  5 goblins
  7 hobgoblins
  6 jackals
  3 quokkas
  5 ball pythons
  2 frilled lizards
  4 kobolds
  6 rats
84 creatures vanquished.

Notes
Turn   | Place    | Note
-------+----------+-------------------------------------------
     0 | D:1      | qw the Spriggan Hunter began the quest for the Orb.
     0 | D:1      | Reached XP level 1. HP: 10/10 MP: 2/2
     0 | D:1      | 0 ||| qw: Version: 0.3-a-158-g18b3111
     0 | D:1      | 0 ||| qw: Game counter: 4186
     0 | D:1      | 0 ||| qw: Melee chars always use a shield: true
     0 | D:1      | 0 ||| qw: God list: Okawaru
     0 | D:1      | 0 ||| qw: Allow faded altars: false
     0 | D:1      | 0 ||| qw: Do Orc after clearing Dungeon:15 true
     0 | D:1      | 0 ||| qw: Do second Lair branch before Depths: true
     0 | D:1      | 0 ||| qw: Lair rune preference: random
     0 | D:1      | 0 ||| qw: Goals: Normal
     0 | D:1      | 0 ||| PLANNING D:1-11
    48 | D:1      | Found Meur's Assorted Antiques.
    50 | D:1      | Reached skill level 3 in Dodging
    61 | D:1      | HP: 1/10 [hobgoblin (3)]
   108 | D:1      | 108 ||| SHOPLISTING 2 fuming red potions (39 gold, have
                  | 13).
   108 | D:1      | 108 ||| SHOPLISTING bubbling green potion (19 gold, have
                  | 13).
   108 | D:1      | 108 ||| SHOPLISTING cloak (99 gold, have 13).
   108 | D:1      | 108 ||| SHOPLISTING heavily runed silver amulet (110 gold,
                  | have 13).
   108 | D:1      | 108 ||| SHOPLISTING scroll labelled FIDYXEOQIU (22 gold,
                  | have 13).
   108 | D:1      | 108 ||| SHOPLISTING scroll labelled KAOMOI PEBIG (22 gold,
                  | have 13).
   108 | D:1      | 108 ||| SHOPLISTING square steel amulet (110 gold, have
                  | 13).
   132 | D:1      | Reached XP level 2. HP: 14/14 MP: 3/3
   322 | D:1      | You fall into a shaft and drop 1 floor!
   327 | D:2      | 327 ||| FLEEEEING.
   328 | D:2      | 328 ||| FLEEEEING.
   329 | D:2      | 329 ||| READING scroll labelled KAOMOI PEBIG.
   330 | D:2      | 330 ||| FLEEEEING.
   331 | D:2      | 331 ||| FLEEEEING.
   332 | D:2      | 332 ||| DRINKING 2 bubbling green potions.
   333 | D:2      | 333 ||| DROPPING scroll of butterflies.
   481 | D:1      | 481 ||| DRINKING 2 black potions.
   531 | D:2      | Found a sparkling altar of Nemelex Xobeh.
   564 | D:2      | Reached XP level 3. HP: 17/18 MP: 4/4
   878 | D:2      | Noticed Sigmund
   885 | D:2      | Killed Sigmund
   886 | D:2      | Reached skill level 6 in Ranged Weapons
   886 | D:2      | Reached XP level 4. HP: 12/22 MP: 5/5
   886 | D:2      | Reached XP level 5. HP: 14/25 MP: 6/6
   886 | D:2      | 886 ||| FLEEEEING.
   887 | D:2      | 887 ||| FLEEEEING.
   889 | D:2      | 889 ||| FLEEEEING.
   890 | D:2      | 890 ||| FLEEEEING.
   891 | D:2      | 891 ||| FLEEEEING.
   893 | D:2      | 893 ||| FLEEEEING.
   894 | D:2      | 894 ||| FLEEEEING.
   899 | D:2      | 899 ||| FLEEEEING.
   900 | D:2      | 900 ||| FLEEEEING.
   901 | D:2      | 901 ||| FLEEEEING.
   902 | D:2      | 902 ||| FLEEEEING.
   903 | D:2      | 903 ||| FLEEEEING.
   904 | D:2      | 904 ||| FLEEEEING.
   905 | D:2      | 905 ||| FLEEEEING.
   906 | D:2      | 906 ||| FLEEEEING.
   915 | D:2      | 915 ||| FLEEEEING.
   917 | D:2      | 917 ||| FLEEEEING.
  1004 | D:2      | 1004 ||| UPGRADING to +2 hat.
  1009 | D:2      | 1009 ||| READING 2 scrolls labelled KEUCSATUIS.
  1110 | D:2      | 1110 ||| READING scroll labelled OSKUPT HOOT.
  1110 | D:2      | 1110 ||| IDENTIFYING viscous orange potion
  1111 | D:2      | 1111 ||| READING scroll labelled MEWIKIGIFFY.
  1111 | D:2      | 1111 ||| ENCHANTING +0 shortbow.
  1112 | D:2      | 1112 ||| READING 2 scrolls labelled LIZOTU NA ANN.
  1113 | D:2      | 1113 ||| DRINKING 2 lumpy puce potions.
  1114 | D:2      | 1114 ||| DRINKING 2 fuming red potions.
  1115 | D:2      | 1115 ||| DROPPING scroll of silence.
  1116 | D:2      | 1116 ||| DROPPING scroll of poison.
  1159 | D:3      | Found an ornate altar of the Wu Jian Council.
  1240 | D:3      | Identified the +1 cloak of Virtue {Will- Int+3 Slay+5}
  1721 | D:3      | Reached XP level 6. HP: 30/30 MP: 7/7
  2170 | D:3      | 2170 ||| UPGRADING to +1 cloak of Virtue {Will- Int+3
                  | Slay+5}.
  2175 | D:3      | 2175 ||| READING 2 scrolls of identify.
  2175 | D:3      | 2175 ||| IDENTIFYING glowing orange potion
  2176 | D:3      | 2176 ||| DROPPING potion of degeneration.
  2275 | D:4      | Identified the +9 short sword "Wipp" {drain, Will++ Int+4}
  2341 | D:4      | 2341 ||| FLEEEEING.
  2353 | D:4      | Reached skill level 6 in Dodging
  2415 | D:4      | 2415 ||| SWAPPING to +0 orcbow.
  2416 | D:4      | 2416 ||| DROPPING +0 shortbow.
  2521 | D:4      | Reached skill level 7 in Ranged Weapons
  2527 | D:4      | Found an iron altar of Okawaru.
  2528 | D:4      | 2528 ||| PLANNING OKAWARU WORSHIP
  2528 | D:4      | 2528 ||| READING scroll of identify.
  2528 | D:4      | 2528 ||| IDENTIFYING scroll labelled PONOG ONGAOVILAD
  2536 | D:4      | Became a worshipper of Warmaster Okawaru
  2537 | D:4      | 2537 ||| PLANNING D:1-11
  2578 | D:4      | Noticed Natasha
  2582 | D:4      | Killed Natasha
  2583 | D:4      | Reached XP level 7. HP: 35/35 MP: 8/8
  2846 | D:4      | 2846 ||| READING scroll labelled IWUEDYA CY QUD.
  2860 | D:4      | Noticed Natasha
  2865 | D:4      | Killed Natasha
  2920 | D:5      | Entered Level 5 of the Dungeon
  3142 | D:5      | Noticed Prince Ribbit
  3161 | D:5      | 3161 ||| FLEEEEING.
  3162 | D:5      | 3162 ||| FLEEEEING.
  3163 | D:5      | 3163 ||| FLEEEEING.
  3164 | D:5      | 3164 ||| FLEEEEING.
  3165 | D:5      | 3165 ||| FLEEEEING.
  3166 | D:5      | 3166 ||| FLEEEEING.
  3167 | D:5      | 3167 ||| FLEEEEING.
  3170 | D:5      | Killed Prince Ribbit
  3170 | D:5      | Reached * piety under Okawaru
  3171 | D:5      | Reached skill level 8 in Ranged Weapons
  3216 | D:5      | Reached XP level 8. HP: 39/39 MP: 9/9
  3224 | D:5      | Noticed Pikel
  3225 | D:5      | 3225 ||| INVOKING Heroism.
  3259 | D:5      | 3259 ||| RETREEEEATING.
  3262 | D:5      | 3262 ||| RETREEEEATING.
  3268 | D:5      | 3268 ||| RETREEEEATING.
  3274 | D:5      | Reached skill level 1 in Invocations
  3299 | D:5      | 3299 ||| INVOKING Heroism.
  3303 | D:5      | Killed Pikel
  3304 | D:5      | Reached skill level 3 in Invocations
  3440 | D:5      | HP: 7/42 [burnt (5)]
  3441 | D:5      | HP: 3/42 [burnt (4)]
  3442 | D:5      | Incinerated by a bombardier beetle

Levels and vault maps discovered:
D:1:      nzn_arrival_settlement, layout_rooms, serial_shops, shop,
          hangedman_decor_points
D:2:      layout_basic, serial_glass, glass_columns_a, glass_columns_a,
          basic_altar, uniq_sigmund
D:3:      minmay_inner_zag, layout_basic, mainiacjoe_overflow_24_doors
D:4:      layout_loops_ring, okawaru_ov_weapons_minmay, chequers_garden,
          minmay_manual_mares, uniq_natasha
D:5:      layout_cave_pods, serial_shops, nicolae_shop_bloodbath_and_beyond,
          lemuel_flamethrower_2, uniq_prince_ribbit1, uniq_pikel

Skill      XL: |  1  2  3  4  5  6  7  8 |
---------------+-------------------------+-----
Dodging        | 3 4 5 6 7 |  7.4
Ranged Weapons | 6 7 8 |  8.4
Fighting       | 2 4 |  4.0
Invocations    | 4 |  4.1
Stealth        | |  1.5

Action                     |  1- 3 |  4- 6 |  7- 9 || total
---------------------------+-------+-------+-------++-------
   Fire: Shortbow          |    88 |   101 |       ||   189
         Orcbow            |       |    11 |    80 ||    91
 Invoke: Heroism           |       |       |     2 ||     2
    Use: Potion            |     2 |     2 |       ||     4
         Scroll            |     1 |     6 |     1 ||     8
 Armour: Robe              |     9 |    24 |     8 ||    41
  Dodge: Dodged            |    27 |    71 |    28 ||   126

Table legend:
 A = Non-vault XP
 B = Vault XP
 C = Vault XP percentage of total XP
 D = Non-vault monster count
 E = Vault monster count
 F = Vault count percentage of total count
                 A         B        C        D         E       F
            +---------+---------+-------+---------+---------+-------
      Total |     908 |    1453 |  61.5 |      72 |       9 |  11.1
            +---------+---------+-------+---------+---------+-------
        D:1 |      32 |       0 |   0.0 |      17 |       0 |   0.0
        D:2 |      27 |     226 |  89.3 |      16 |       1 |   5.9
        D:3 |     107 |      15 |  12.3 |      18 |       3 |  14.3
        D:4 |     170 |     265 |  60.9 |       8 |       3 |  27.3
        D:5 |     572 |     947 |  62.3 |      13 |       2 |  13.3
            +---------+---------+-------+---------+---------+-------
